AoeStats
← [La14]Uvita

Arabia

510589465Analyzed
1v1 RM · 10h ago on Oct 1, 2026· 53m 14s· 2 players
Game mode
Random Map
Map size
Tiny (2 player)
Population
200
Speed
Normal
Resources
Standard
Victory
Conquest
Starting age
Dark Age
Ending age
Imperial Age
RankedLock teamsTeams togetherTeam positionsShared explorationLock speedFull tech treeHidden civsTurbo modeCheats
Victory
Defeat
🇦🇷 Magyars · Argentina
890
+15
🇸🇪 Varangians · Sweden
860
-15
[La14]Uvita
3:41 Loom
7:20 Loom
10:16 Feudal Age
12:24 Double-Bit Axe
13:25 Horse Collar
20:00 Fletching
22:54 Castle Age
22:20 Bloodlines
22:32 Gold Mining
27:01 Bodkin Arrow
28:22 Padded Archer Armor
29:29 Ballistics
31:34 Husbandry
32:00 Light Cavalry
35:04 Scale Barding Armor
36:58 Wheelbarrow
37:20 Leather Archer Armor
38:20 Thumb Ring
39:12 Town Watch
41:23 Town Patrol
42:52 Chain Barding Armor
48:10 Imperial Age
49:13 Stone Mining
49:55 Treadmill Crane
51:16 Chemistry
51:40 Corvinian Army
52:37 Murder Holes
Blåbär
7:26 Loom
9:44 Feudal Age
10:55 Double-Bit Axe
15:53 Bloodlines
18:51 Horse Collar
25:15 Castle Age
24:32 Scale Mail Armor
24:45 Forging
25:39 Gold Mining
26:12 Squires
29:25 Fletching
30:42 Bow Saw
31:41 Stone Mining
33:12 Bodkin Arrow
35:45 Chain Mail Armor
36:34 Husbandry
42:30 Wheelbarrow
42:44 Heavy Plow
48:07 Scale Barding Armor
Connection lost

Rejoining the realm…

Still unreachable

The connection could not be restored.

Session expired

The server has moved on; the page needs a fresh start.